 Dungeon Crawl Stone Soup version 0.29.0-4-gdea44cf6ec (webtiles) character file.

Game seed: 11019478589990708631

5089 qw the Cleaver (level 10, -2/64 HPs)
             Began as a Gargoyle Fighter on Sept 9, 2022.
             Was a Priest of Okawaru.
             Slain by a fire elemental (5 damage)
             ... summoned by a deep elf pyromancer
             ... on level 8 of the Dungeon.
             The game lasted 00:03:34 (8403 turns).

qw the Cleaver (Gargoyle Fighter)                   Turns: 8403, Time: 00:03:35

Health: -2/64      AC: 25    Str: 24    XL:     10   Next: 57%
Magic:  11/13      EV:  8    Int:  9    God:    Okawaru [***...]
Gold:   202        SH: 11    Dex:  9    Spells: 9/9 levels left

rFire   . . .      SeeInvis .   Y - +0 war axe
rCold   . . .      Faith    .   c - +0 buckler
rNeg    + . .      Spirit   .   k - +1 plate armour
rPois   inf        Reflect  +   b - +1 helmet
rElec   +          Harm     .   (no cloak)
rCorr   .          Rampage  .   (no gloves)
Will    .....                   (no boots)
Stlth   ..........              l - amulet of reflection
HPRegen 0.20/turn               (no ring)
MPRegen 0.13/turn               (no ring)

@: about to teleport, heroic
A: sickness immunity, AC +7, negative energy resistance 1, electricity
resistance, torment resistance 1, petrification resistance
a: Renounce Religion, Heroism


You were on level 8 of the Dungeon.
You worshipped Okawaru.
Okawaru was most pleased with you.
You visited 2 branches of the dungeon, and saw 9 of its levels.

You collected 271 gold pieces.
You spent 69 gold pieces at shops.


Innate Abilities, Weirdness & Mutations

You are immune to sickness and miasma.
Your stone body is resilient. (AC +7)
You are immune to poison.
You resist negative energy. (rN+)
You are resistant to electric shocks. (rElec)
You are resistant to unholy torment.
You are immune to petrification.


   Skills:
 - Level 8.0(13.0) Fighting
 + Level 10.5(15.5) Axes
 - Level 6.0(11.0) Armour
 - Level 1.2(6.2) Dodging
 - Level 6.1(11.1) Shields
 - Level 4.0 Invocations


You had 9 spell levels left.
You didn't know any spells.
Your spell library was empty.

Inventory:

Hand Weapons
 o - a +0 morningstar
 Y - a +0 war axe (weapon)
Armour
 b - a +1 helmet (worn)
 c - a +0 buckler (worn)
 k - a +1 plate armour (worn)
Jewellery
 l - an amulet of reflection (around neck)
Scrolls
 f - a scroll of identify
Potions
 a - 2 potions of cancellation
 d - a potion of might
 e - a potion of heal wounds
 g - 2 potions of mutation
 i - 5 potions of curing
 j - 3 potions of haste
 m - a potion of attraction {unknown}
 r - a potion of berserk rage {unknown}

Dungeon Overview and Level Annotations

Branches:
Dungeon (8/15)             Temple (1/1) D:5
   Lair: D:8-11

Altars:
Cheibriados
Dithmenos
Elyvilon
Fedhas
Gozag
Hepliaklqana
Kikubaaqudgha
Makhleb
Nemelex Xobeh
Okawaru
Qazlal
Trog
Uskayaw
Vehumet
Wu Jian
Xom
Yredelemnul
Zin
The Shining One

Shops:
D:1 (   D:3 (   D:4 =


Message History

The deep elf pyromancer is severely wounded.
The deep elf pyromancer casts a spell at you.
The bolt of fire misses you.
You closely miss the deep elf pyromancer.
The deep elf pyromancer is severely wounded.
You miss the fire elemental.
The deep elf pyromancer hits you with a +1 long sword of electrocution.
The fire elemental hits you. The fire elemental burns you!
The deep elf pyromancer hits you but does no damage.
You hit the deep elf pyromancer but do no damage.
The deep elf pyromancer is severely wounded.
You hit the fire elemental. The fire elemental hits you.
The fire elemental burns you! The fire elemental hits you.
The fire elemental burns you! You block the fire elemental's attack.
The deep elf pyromancer hits you with a +1 long sword of electrocution.
8400 ||| INVOKING Heroism.
You gain the combat prowess of a mighty hero.
The fire elemental hits you. The fire elemental burns you!
The fire elemental hits you. The fire elemental burns you!
The deep elf pyromancer hits you but does no damage.
You barely miss the deep elf pyromancer.
The deep elf pyromancer is severely wounded.
You hit the fire elemental. x2
You block the fire elemental's attack. The fire elemental hits you.
The fire elemental burns you!
You closely miss the deep elf pyromancer.
The deep elf pyromancer is severely wounded.
You slash the fire elemental! You hit the fire elemental.
The fire elemental hits you. The fire elemental burns you!
The deep elf pyromancer hits you but does no damage.
The fire elemental barely misses you.
8403 ||| READING scroll of teleportation.
As you read the scroll of teleportation, it crumbles to dust.
You feel strangely unstable. You block the fire elemental's attack.
The fire elemental hits you. The fire elemental burns you!
You block the deep elf pyromancer's attack.
The fire elemental hits you. The fire elemental burns you!
You die...

...... .....# ......
..... #...... ....#
#......##....##
##)............# .
#..............# .
#.......EeE....# .
#........@....# #
#............##
#########.........)...#
.#.............##...>##
.#.............#######
.#..............#
###....##.......#
###....##.......#
%..%............#


You could see a deep elf pyromancer and 2 fire elementals.

Vanquished Creatures
  Erica (D:8)
  Pikel (D:5)
  Joseph (D:7)
  A wyvern (D:7)
  4 yaks (D:6)
  4 water moccasins
  An orc warrior (D:6)
  2 ice beasts
  A black bear (D:7)
  A sky beast (D:4)
  A centaur (D:6)
  A kobold brigand (D:7)
  An elf zombie (D:7)
  7 bullfrogs
  6 scorpions
  6 killer bees (D:8)
  2 howler monkeys
  5 hounds
  A jelly (D:5)
  A gnoll bouda (D:7)
  A human skeleton (D:7)
  5 iguanas
  5 orc wizards
  Natasha (thrice) (D:4)
  7 adders
  5 gnolls
  A shadow imp (D:6)
  A white imp (D:6)
  4 worms (D:4)
  7 orcs
  12 ball pythons
  7 endoplasms
  5 giant cockroaches
  6 goblins
  9 hobgoblins
  4 quokkas
  5 bats
  4 frilled lizards
  8 kobolds
  3 orc skeletons (D:7)
  An orc zombie (D:7)
  10 rats
161 creatures vanquished.

Vanquished Creatures (others)
  4 plants (D:3)
4 creatures vanquished.

Grand Total: 165 creatures vanquished

Notes
Turn   | Place    | Note
-------+----------+-------------------------------------------
     0 | D:1      | qw the Gargoyle Fighter began the quest for the Orb.
     0 | D:1      | Reached XP level 1. HP: 14/14 MP: 1/1
     0 | D:1      | 0 ||| qw: Version: 0.1-a-113-g051387a
     0 | D:1      | 0 ||| qw: Game counter: 7064
     0 | D:1      | 0 ||| qw: Always use a shield: true
     0 | D:1      | 0 ||| qw: God list: Okawaru
     0 | D:1      | 0 ||| qw: Allow faded altars: false
     0 | D:1      | 0 ||| qw: Do Orc after D:15 true
     0 | D:1      | 0 ||| qw: Do second Lair branch before Depths: true
     0 | D:1      | 0 ||| qw: Lair rune preference: random
     0 | D:1      | 0 ||| qw: Plans: Normal, Zot, God:TSO, Crypt, Tomb, Zig,
                  | Orb
     0 | D:1      | 0 ||| PLANNING D:1-11
    53 | D:1      | Reached skill level 2 in Axes
   251 | D:1      | 251 ||| Stepping ~*~*~tactically~*~*~ (stealth).
   254 | D:1      | Reached XP level 2. HP: 19/19 MP: 2/2
   398 | D:1      | Found Ynkickae's Antique Weapon Shoppe.
   839 | D:1      | Found a faded altar of an unknown god.
   872 | D:1      | 872 ||| DROPPING orb of guile.
   873 | D:1      | 873 ||| READING 2 scrolls labelled NONKUO UCISHRE.
   874 | D:1      | 874 ||| READING scroll labelled INEFEK RYM.
   875 | D:1      | 875 ||| READING scroll labelled SAORUC YNTONLO.
   976 | D:1      | 976 ||| DRINKING 2 smoky blue potions.
  1059 | D:2      | Reached skill level 3 in Axes
  1102 | D:2      | Reached XP level 3. HP: 18/23 MP: 3/3
  2154 | D:2      | 2154 ||| UPGRADING to +0 plate armour.
  2164 | D:2      | 2164 ||| DROPPING +0 scale mail.
  2165 | D:2      | 2165 ||| READING scroll of enchant armour.
  2165 | D:2      | 2165 ||| ENCHANTING +0 plate armour.
  2166 | D:2      | 2166 ||| READING scroll labelled MESOUM SIUDAN.
  2169 | D:2      | 2169 ||| READING 4 scrolls labelled JOIZXU NAOT.
  2170 | D:2      | 2170 ||| READING 3 scrolls of identify.
  2170 | D:2      | 2170 ||| IDENTIFYING red potion
  2171 | D:2      | 2171 ||| READING 2 scrolls of identify.
  2171 | D:2      | 2171 ||| IDENTIFYING emerald potion
  2172 | D:2      | 2172 ||| DROPPING potion of brilliance.
  2280 | D:3      | Reached skill level 4 in Axes
  2280 | D:3      | Reached XP level 4. HP: 23/28 MP: 4/4
  2563 | D:3      | Found a shadowy altar of Dithmenos.
  2577 | D:3      | 2577 ||| Stepping ~*~*~tactically~*~*~ (stealth).
  2634 | D:3      | 2634 ||| Stepping ~*~*~tactically~*~*~ (stealth).
  2635 | D:3      | 2635 ||| Stepping ~*~*~tactically~*~*~ (stealth).
  2682 | D:3      | 2682 ||| Stepping ~*~*~tactically~*~*~ (hiding).
  2766 | D:3      | Found Ekoqyshri's Antique Weapon Boutique.
  2774 | D:3      | 2774 ||| BUYING mace (69 gold).
  2774 | D:3      | Bought a mace for 69 gold pieces
  2774 | D:3      | 2774 ||| DROPPING +0 club.
  2918 | D:3      | Reached XP level 5. HP: 18/32 MP: 5/5
  3205 | D:3      | 3205 ||| DROPPING +0 mace.
  3206 | D:3      | 3206 ||| UPGRADING to +0 helmet.
  3211 | D:3      | 3211 ||| DRINKING 2 fuming white potions.
  3222 | D:4      | 3222 ||| PLANNING SEWER
  3281 | D:4      | Found Fanod Kan's One-of-a-Kind Rings.
  3285 | D:4      | 3285 ||| SHOPLISTING +10 ring of strength (1183 gold, have
                  | 26).
  3285 | D:4      | 3285 ||| SHOPLISTING +2 ring of protection (130 gold, have
                  | 26).
  3285 | D:4      | 3285 ||| SHOPLISTING +2 ring of slaying (273 gold, have
                  | 26).
  3285 | D:4      | 3285 ||| SHOPLISTING +7 ring of evasion (1345 gold, have
                  | 26).
  3285 | D:4      | 3285 ||| SHOPLISTING ring "Mewkeoc" {rF++ EV+4} (786 gold,
                  | have 26).
  3285 | D:4      | 3285 ||| SHOPLISTING ring of Oenomania {rC++ Str+4 SInv}
                  | (622 gold, have 26).
  3358 | D:4      | Noticed a sky beast
  3359 | D:4      | 3359 ||| Stepping ~*~*~tactically~*~*~ (stealth).
  3363 | D:4      | Reached skill level 5 in Axes
  3368 | D:4      | Reached XP level 6. HP: 33/38 MP: 6/6
  3370 | D:4      | 3370 ||| FLEEEEING.
  3371 | D:4      | 3371 ||| FLEEEEING.
  3372 | D:4      | 3372 ||| FLEEEEING.
  3373 | D:4      | 3373 ||| FLEEEEING.
  3374 | D:4      | 3374 ||| FLEEEEING.
  3375 | D:4      | 3375 ||| FLEEEEING.
  3376 | D:4      | 3376 ||| FLEEEEING.
  3441 | D:4      | 3441 ||| Stepping ~*~*~tactically~*~*~ (stealth).
  3472 | D:4      | Killed a sky beast
  3684 | D:4      | Noticed Natasha
  3685 | D:4      | 3685 ||| Stepping ~*~*~tactically~*~*~ (hiding).
  3692 | D:4      | Killed Natasha
  3904 | D:4      | Reached XP level 7. HP: 43/44 MP: 7/7
  3969 | D:4      | Found a glowing drain.
  3970 | D:4      | 3970 ||| Stepping ~*~*~tactically~*~*~ (water).
  3975 | D:4      | 3975 ||| READING scroll labelled FAUGEDUSCHO.
  4048 | D:4      | 4048 ||| RIP SEWER
  4048 | D:4      | 4048 ||| PLANNING D:1-11
  4059 | D:4      | Reached skill level 6 in Axes
  4144 | D:4      | Noticed Natasha
  4146 | D:4      | 4146 ||| Stepping ~*~*~tactically~*~*~ (hiding).
  4148 | D:4      | 4148 ||| Stepping ~*~*~tactically~*~*~ (hiding).
  4149 | D:4      | 4149 ||| Stepping ~*~*~tactically~*~*~ (hiding).
  4161 | D:4      | Killed Natasha
  4192 | D:4      | 4192 ||| FLEEEEING.
  4193 | D:4      | 4193 ||| FLEEEEING.
  4194 | D:4      | 4194 ||| FLEEEEING.
  4195 | D:4      | 4195 ||| FLEEEEING.
  4196 | D:4      | 4196 ||| FLEEEEING.
  4197 | D:4      | 4197 ||| FLEEEEING.
  4198 | D:4      | 4198 ||| FLEEEEING.
  4199 | D:4      | 4199 ||| FLEEEEING.
  4201 | D:4      | 4201 ||| FLEEEEING.
  4202 | D:4      | 4202 ||| FLEEEEING.
  4203 | D:4      | 4203 ||| FLEEEEING.
  4204 | D:4      | 4204 ||| FLEEEEING.
  4205 | D:4      | 4205 ||| FLEEEEING.
  4206 | D:4      | 4206 ||| FLEEEEING.
  4207 | D:4      | 4207 ||| FLEEEEING.
  4208 | D:4      | 4208 ||| FLEEEEING.
  4209 | D:4      | 4209 ||| FLEEEEING.
  4210 | D:4      | 4210 ||| FLEEEEING.
  4211 | D:4      | 4211 ||| FLEEEEING.
  4223 | D:4      | 4223 ||| FLEEEEING.
  4224 | D:4      | 4224 ||| FLEEEEING.
  4225 | D:4      | 4225 ||| FLEEEEING.
  4226 | D:4      | 4226 ||| FLEEEEING.
  4227 | D:4      | 4227 ||| FLEEEEING.
  4229 | D:4      | 4229 ||| STAIRDANCE
  4284 | D:4      | 4284 ||| Stepping ~*~*~tactically~*~*~ (hiding).
  4331 | D:4      | Noticed Natasha
  4337 | D:4      | Killed Natasha
  4484 | D:5      | Entered Level 5 of the Dungeon
  4618 | D:5      | 4618 ||| Stepping ~*~*~tactically~*~*~ (stealth).
  4622 | D:5      | Noticed Pikel
  4623 | D:5      | 4623 ||| Stepping ~*~*~tactically~*~*~ (stealth).
  4626 | D:5      | 4626 ||| Stepping ~*~*~tactically~*~*~ (stealth).
  4638 | D:5      | Killed Pikel
  4639 | D:5      | Reached skill level 8 in Axes
  4639 | D:5      | Reached XP level 8. HP: 41/48 MP: 8/8
  4703 | D:5      | 4703 ||| Stepping ~*~*~tactically~*~*~ (stealth).
  4715 | D:5      | 4715 ||| FLEEEEING.
  4716 | D:5      | 4716 ||| FLEEEEING.
  4717 | D:5      | 4717 ||| FLEEEEING.
  4718 | D:5      | 4718 ||| FLEEEEING.
  4719 | D:5      | 4719 ||| FLEEEEING.
  4720 | D:5      | 4720 ||| FLEEEEING.
  4721 | D:5      | 4721 ||| FLEEEEING.
  4722 | D:5      | 4722 ||| FLEEEEING.
  4723 | D:5      | 4723 ||| FLEEEEING.
  4724 | D:5      | 4724 ||| FLEEEEING.
  4725 | D:5      | 4725 ||| FLEEEEING.
  4726 | D:5      | 4726 ||| FLEEEEING.
  4727 | D:5      | 4727 ||| FLEEEEING.
  4728 | D:5      | 4728 ||| FLEEEEING.
  4729 | D:5      | 4729 ||| FLEEEEING.
  4730 | D:5      | 4730 ||| STAIRDANCE
  4847 | D:5      | Found a staircase to the Ecumenical Temple.
  4848 | D:5      | 4848 ||| PLANNING TEMPLE
  4851 | Temple   | Entered the Ecumenical Temple
  5075 | Temple   | 5075 ||| PLANNING D:1-11
  5106 | D:5      | 5106 ||| Stepping ~*~*~tactically~*~*~ (stealth).
  5107 | D:5      | 5107 ||| Stepping ~*~*~tactically~*~*~ (stealth).
  5113 | D:5      | Reached skill level 1 in Dodging
  5113 | D:5      | 5113 ||| Stepping ~*~*~tactically~*~*~ (stealth).
  5217 | D:5      | 5217 ||| READING scroll of enchant armour.
  5217 | D:5      | 5217 ||| ENCHANTING +0 helmet.
  5324 | D:5      | 5324 ||| Stepping ~*~*~tactically~*~*~ (stealth).
  5325 | D:5      | 5325 ||| Stepping ~*~*~tactically~*~*~ (stealth).
  5326 | D:5      | 5326 ||| Stepping ~*~*~tactically~*~*~ (stealth).
  5427 | D:5      | 5427 ||| Stepping ~*~*~tactically~*~*~ (stealth).
  5428 | D:5      | 5428 ||| Stepping ~*~*~tactically~*~*~ (stealth).
  5435 | D:5      | Reached skill level 6 in Fighting
  5527 | D:5      | 5527 ||| UPGRADING to amulet of reflection.
  5532 | D:5      | 5532 ||| READING 4 scrolls of identify.
  5532 | D:5      | 5532 ||| IDENTIFYING bubbling puce potion
  5533 | D:5      | 5533 ||| READING 3 scrolls of identify.
  5533 | D:5      | 5533 ||| IDENTIFYING fuming clear potion
  5534 | D:5      | 5534 ||| DROPPING potion of ambrosia.
  5690 | D:6      | Found an iron altar of Okawaru.
  5700 | D:6      | Became a worshipper of Warmaster Okawaru
  5704 | D:6      | Noticed a yak
  5704 | D:6      | Noticed a yak
  5705 | D:6      | Noticed a yak
  5705 | D:6      | Noticed a yak
  5716 | D:6      | Killed a yak
  5717 | D:6      | Reached XP level 9. HP: 20/55 MP: 9/9
  5720 | D:6      | Reached skill level 9 in Axes
  5725 | D:6      | HP: 11/55 [yak (7)]
  5726 | D:6      | 5726 ||| READING scroll of teleportation.
  5727 | D:6      | HP: 2/55 [yak (9)]
  6102 | D:6      | Reached * piety under Okawaru
  6333 | D:6      | Reached skill level 1 in Invocations
  6735 | D:6      | 6735 ||| DROPPING +0 flail.
  6792 | D:6      | 6792 ||| READING scroll labelled VEXYOL YLIOZYU.
  6793 | D:6      | 6793 ||| READING scroll labelled GAYXIV PACEB.
  6794 | D:6      | 6794 ||| READING 2 scrolls of identify.
  6794 | D:6      | 6794 ||| IDENTIFYING golden potion
  6809 | D:7      | 6809 ||| PLANNING OSSUARY
  6813 | D:7      | 6813 ||| STAIRDANCE
  6821 | D:6      | Reached skill level 3 in Invocations
  6899 | D:7      | Reached ** piety under Okawaru
  6900 | D:7      | Reached skill level 6 in Armour
  7165 | D:7      | Noticed Joseph
  7166 | D:7      | 7166 ||| FLEEEEING.
  7167 | D:7      | 7167 ||| FLEEEEING.
  7168 | D:7      | 7168 ||| FLEEEEING.
  7169 | D:7      | 7169 ||| FLEEEEING.
  7172 | D:7      | 7172 ||| INVOKING Heroism.
  7190 | D:7      | Killed Joseph
  7191 | D:7      | Reached skill level 10 in Axes
  7191 | D:7      | Reached XP level 10. HP: 21/63 MP: 13/13
  7518 | D:7      | 7518 ||| INVOKING Heroism.
  7550 | D:7      | 7550 ||| RIP OSSUARY
  7566 | D:7      | 7566 ||| PLANNING D:1-11
  7568 | D:7      | 7568 ||| Stepping ~*~*~tactically~*~*~ (hiding).
  7575 | D:7      | 7575 ||| Stepping ~*~*~tactically~*~*~ (stealth).
  7608 | D:7      | 7608 ||| INVOKING Heroism.
  7895 | D:7      | 7895 ||| Stepping ~*~*~tactically~*~*~ (stealth).
  7945 | D:7      | 7945 ||| DROPPING ring of flight.
  7946 | D:7      | 7946 ||| READING scroll labelled QYQEKKOITRU.
  7947 | D:7      | 7947 ||| READING scroll labelled EWKUSS EZENAI.
  7970 | D:8      | Reached *** piety under Okawaru
  7986 | D:8      | 7986 ||| FLEEEEING.
  7987 | D:8      | 7987 ||| STAIRDANCE
  8053 | D:8      | Noticed Erica
  8054 | D:8      | 8054 ||| Stepping ~*~*~tactically~*~*~ (hiding).
  8058 | D:8      | 8058 ||| Stepping ~*~*~tactically~*~*~ (hiding).
  8059 | D:8      | 8059 ||| Stepping ~*~*~tactically~*~*~ (hiding).
  8061 | D:8      | 8061 ||| INVOKING Heroism.
  8062 | D:8      | 8062 ||| DRINKING 7 potions of curing.
  8062 | D:8      | 8062 ||| (to cure confusion)
  8073 | D:8      | Killed Erica
  8074 | D:8      | Reached skill level 6 in Shields
  8081 | D:8      | 8081 ||| DRINKING 6 potions of curing.
  8081 | D:8      | 8081 ||| (to cure confusion)
  8197 | D:8      | 8197 ||| INVOKING Heroism.
  8220 | D:8      | 8220 ||| INVOKING Heroism.
  8240 | D:8      | 8240 ||| FLEEEEING.
  8241 | D:8      | 8241 ||| FLEEEEING.
  8242 | D:8      | 8242 ||| FLEEEEING.
  8243 | D:8      | 8243 ||| STAIRDANCE
  8384 | D:8      | Noticed a deep elf pyromancer
  8400 | D:8      | 8400 ||| INVOKING Heroism.
  8402 | D:8      | HP: 11/64 [fire elemental[a deep elf pyromancer] (7)]
  8403 | D:8      | 8403 ||| READING scroll of teleportation.
  8403 | D:8      | HP: 3/64 [fire elemental[a deep elf pyromancer] (8)]
  8403 | D:8      | Slain by a fire elemental

Levels and vault maps discovered:
D:1:      dpeg_arrival_round_a, layout_basic, serial_shops,
          nicolae_shop_behind_doors, shapermc_ecumenical_altar_petra,
          hangedman_decor_opposing
D:2:      layout_loops_corners, serial_bayou_pond_d
D:3:      layout_basic, old_standard_altar, serial_shops, shop_statue,
          serial_forest, infiniplex_forest_lined_3_way,
          infiniplex_forest_lined_corner, infiniplex_forest_pool,
          infiniplex_forest_join, infiniplex_forest_end_2,
          infiniplex_forest_lined_room_2, infiniplex_forest_clump_curved
D:4:      layout_rooms, portal_sewer_entry_e, nicolae_shop_unique_rings,
          minmay_manual_moon, uniq_natasha
D:5:      layout_cave_pools, minmay_temple_entry_grid, minmay_misc_feat_iff,
          kennysheep_generic_room_7, uniq_pikel
D:6:      nicolae_cairo_tiling_very_big, layout_basic,
          okawaru_metal_pillars_1_2, uniq_grinder
D:7:      layout_loops_ring, nicolae_ossuary_entry_catacombs, uniq_joseph
D:8:      layout_gridville, uniq_erica
Temple:   minmay_temple_bridge_d

Skill      XL: |  1  2  3  4  5  6  7  8  9 10 |
---------------+-------------------------------+-----
Axes           | 2 3 4 5 8 10 | 10.5
Fighting       | 4 6 7 8 |  8.0
Armour         | 4 5 6 |  6.0
Dodging        | 1 |  1.2
Shields        | 4 6 |  6.1
Invocations    | 4 |  4.0

Action                   |  1- 3 |  4- 6 |  7- 9 | 10-12 || total
-------------------------+-------+-------+-------+-------++-------
Melee: War axe           |   130 |   123 |   295 |   155 ||   703
Invok: Heroism           |       |       |     1 |     6 ||     7
  Use: Scroll            |     8 |       |     8 |     3 ||    19
       Potion            |     1 |     1 |       |     2 ||     4
Armor: Scale mail        |    68 |       |       |       ||    68
       Plate armour      |     4 |    73 |   181 |    99 ||   357
Dodge: Dodged            |    55 |    28 |    71 |    31 ||   185
Block: Buckler           |    27 |    18 |   105 |    68 ||   218
       Reflection        |       |       |     1 |     1 ||     2

Table legend:
 A = Non-vault XP
 B = Vault XP
 C = Vault XP percentage of total XP
 D = Non-vault monster count
 E = Vault monster count
 F = Vault count percentage of total count
                 A         B        C        D         E       F
            +---------+---------+-------+---------+---------+-------
      Total |    4773 |    2498 |  34.4 |     134 |      27 |  16.8
            +---------+---------+-------+---------+---------+-------
        D:1 |      27 |       0 |   0.0 |      18 |       0 |   0.0
        D:2 |      41 |       0 |   0.0 |      17 |       0 |   0.0
        D:3 |      99 |       0 |   0.0 |      19 |       0 |   0.0
        D:4 |     297 |     329 |  52.6 |      17 |      15 |  46.9
        D:5 |     401 |     733 |  64.6 |      11 |       4 |  26.7
        D:6 |    1740 |       0 |   0.0 |      20 |       0 |   0.0
        D:7 |    1227 |     584 |  32.2 |      17 |       7 |  29.2
        D:8 |     941 |     852 |  47.5 |      15 |       1 |   6.2
            +---------+---------+-------+---------+---------+-------
